 Dungeon Crawl Stone Soup version 0.16.2-2-g470672f (webtiles) character file.

233 monobi the Sneak (level 6, -6/43 HPs)
             Began as an Octopode Monk on Sept 4, 2015.
             Mangled by monobi's ghost (12 damage)
             ... on level 4 of the Dungeon.
             The game lasted 00:03:45 (2414 turns).

monobi the Sneak (Octopode Monk)                    Turns: 2414, Time: 00:03:45

Health: -6/43      AC:  1    Str: 10    XL:     6   Next: 5%
Magic:  6/6        EV: 15    Int: 13    God:
Gold:   164        SH:  0    Dex: 18    Spells: 0 memorised, 5 levels left

rFire  . . .     SeeInvis .       - Unarmed
rCold  . . .     Clarity  .     (no shield)
rNeg   . . .     SustAb   .     (helmet restricted)
rPois  .         Gourm    .     (no amulet)
rElec  .         Spirit   .     l - ring of protection from magic
rCorr  .         Warding  .     m - +2 ring of dexterity
rMut   .         Stasis   .     (no ring)
MR     +....                    (no ring)
Stlth  ++++......               (no ring)
                                (no ring)
                                (no ring)
                                (no ring)

@: flying, somewhat resistant to hostile enchantments, stealthy
A: almost no armour, amphibious, 8 rings, constrict 8, camouflage 1, gelatinous
body 1
a: no special abilities


You were on level 4 of the Dungeon.
You were not hungry.

You visited 1 branch of the dungeon, and saw 4 of its levels.

You collected 164 gold pieces.

Inventory:

Hand weapons
 g - a +2 dagger of speed
Armour
 q - a +1 robe of magic resistance
Jewellery
 l - a ring of protection from magic (left tentacle)
 m - a +2 ring of dexterity (right tentacle)
Magical devices
 j - a wand of polymorph (6)
 p - a wand of flame (9)
Scrolls
 a - 5 scrolls of identify {unknown}
 f - a scroll of teleportation {unknown}
 i - a scroll of magic mapping {unknown}
 n - 2 scrolls of remove curse {unknown}
Potions
 c - a potion of curing
 d - a potion of berserk rage {unknown}
 e - 2 potions of heal wounds {unknown}
 h - 2 potions of flight
 k - a potion of magic {unknown}
 r - a potion of agility {unknown}
Books
 s - a book of Power

   Spells                             Type                      Level
   a - Fulminant Prism                Conjuration/Hexes            4
   b - Iskenderun's Mystic Blast      Conjuration                  4
   c - Venom Bolt                     Conjuration/Poison           5
   d - Bolt of Magma                  Conjuration/Fire/Earth       5
   e - Iron Shot                      Conjuration/Earth            6
   f - Orb of Destruction             Conjuration                  7
   g - Spellforged Servitor           Conjuration/Summoning        7
Comestibles
 b - 5 bread rations
 o - a fruit
 t - a meat ration


   Skills:
 + Level 3.9 Fighting
 + Level 4.3 Dodging
 + Level 5.0 Stealth
 + Level 4.9 Unarmed Combat


You had 5 spell levels left.
You didn't know any spells.

Dungeon Overview and Level Annotations

Branches:
Dungeon (4/15)
 Temple: D:4-7

Altars:
Vehumet

Annotations:
D:4 monobi's ghost, average OpMo


Innate Abilities, Weirdness & Mutations

You cannot wear most types of armour.
You are amphibious.
You can wear up to eight rings at the same time.
You can use your tentacles to constrict many enemies at once.
Your skin changes colour to match your surroundings (Stealth).
Your rubbery body absorbs attacks (AC +1).


Message History

Here: monobi's ghost (heavily damaged)
The floor.
Monobi's ghost is nearby!
Press: ? - help, v - describe, . - travel
Here: monobi's ghost (heavily damaged)
The floor.
Drink which item? (? for menu, Esc to quit)
It was a potion of flight.
You feel very buoyant.
You fly up into the air.
Monobi's ghost hits you.
* * * LOW HITPOINT WARNING * * *
There is a radiant altar of Vehumet here.
Monobi's ghost screams, "You will join me soon!"
You see here a stone.
Monobi's ghost whispers, "There is no future for you."
You see here a stone.
Monobi's ghost shrieks, "You will join me soon!"
There is a stone staircase leading up here.
Monobi's ghost hits you!
You die...

#.... ########## #... .........#
#..## ########.########### #...#
#.#.........# #.... #.#.#######.#
########...#
#.#.#.....#.###.........##
#>........W(....(..).+...#
########.#.#.#..@#.###......##...
#..............(.................
#.......##.#...#.#.#############.
#.......##.#####.#.# ##
#.......##.......#.#
#.......##########.# #...)...#
#.# #.......# #.#
#.......##########.#


You could see monobi's ghost.

Vanquished Creatures
  The ghost of monobi the Insei, an average OpMo (D:3)
  Sigmund (D:2)
  Jessica (D:3)
  An adder (D:2)
  A worm (D:3)
  A giant gecko (D:3)
  An ooze (D:4)
  2 orcs
  A giant cockroach (D:3)
  7 goblins
  5 hobgoblins
  6 jackals
  A quokka (D:3)
  3 ball pythons (D:2)
  A bat (D:3)
  5 giant newts
  4 kobolds
  8 rats
50 creatures vanquished.

Notes
Turn   | Place    | Note
--------------------------------------------------------------
     0 | D:1      | monobi, the Octopode Monk, began the quest for the Orb.
     0 | D:1      | Reached XP level 1. HP: 16/16 MP: 1/1
   262 | D:1      | Reached XP level 2. HP: 15/21 MP: 2/2
   672 | D:2      | Reached XP level 3. HP: 24/26 MP: 3/3
   805 | D:2      | Noticed Sigmund
   816 | D:2      | Killed Sigmund
   816 | D:2      | Reached XP level 4. HP: 15/33 MP: 4/4
  1200 | D:3      | Noticed monobi's ghost (average OpMo)
  1223 | D:3      | Killed monobi's ghost
  1223 | D:3      | Reached XP level 5. HP: 13/37 MP: 5/5
  1827 | D:3      | Noticed Jessica
  1830 | D:3      | Killed Jessica
  1830 | D:3      | Reached skill level 5 in Stealth
  1830 | D:3      | Reached XP level 6. HP: 43/43 MP: 6/6
  2378 | D:4      | Found a radiant altar of Vehumet.
  2385 | D:4      | Noticed monobi's ghost (average OpMo)
  2414 | D:4      | Mangled by monobi's ghost

Action                   |  1- 3 |  4- 6 || total
-------------------------+-------+-------++-------
Melee: Unarmed           |    44 |    69 ||   113
  Use: Potion            |       |     3 ||     3
 Stab: Sleeping          |     6 |    11 ||    17
  Eat: Meat ration       |       |     1 ||     1
